 Dungeon Crawl Stone Soup version 0.23.2-1-ga50397a (webtiles) character file.

Game seed: 6421559572963955784

67 stonz the Skirmisher (level 3, 0/30 HPs)
             Began as a Demonspawn Abyssal Knight on Apr 20, 2019.
             Was a Believer of Lugonu.
             Succumbed to an adder's poison
             ... on level 2 of the Dungeon.
             The game lasted 00:08:08 (1223 turns).

stonz the Skirmisher (Demonspawn Abyssal Knight)    Turns: 1223, Time: 00:08:09

Health: 0/30       AC: 10    Str: 13    XL:     3   Next: 98%
Magic:  4/4        EV: 11    Int: 13    God:    Lugonu [**....]
Gold:   43         SH:  0    Dex: 12    Spells: 2/2 levels left

rFire    . . .     SeeInvis .   a - +1 hand axe
rCold    . . .     Gourm    .   (no shield)
rNeg     . . .     Faith    .   b - +0 leather armour
rPois    +         Spirit   .   (no helmet)
rElec    .         Reflect  .   (no cloak)
rCorr    .         Harm     .   f - +0 pair of gloves
MR       .....                  (no boots)
Stlth    ++........             (no amulet)
HPRegen  0.10/turn              d - ring of poison resistance
MPRegen  0.09/turn              (no ring)

@: lethally poisoned (0 -> -1), sanguine armour
A: nightstalker 1, sanguine armour 1
a: Depart the Abyss, Bend Space, Renounce Religion


You were on level 2 of the Dungeon.
You worshipped Lugonu.
Lugonu was pleased with you.
You were not hungry.

You visited 1 branch of the dungeon, and saw 2 of its levels.
You visited the Abyss 1 time.

You collected 43 gold pieces.

Inventory:

Hand Weapons
 a - a +1 hand axe (weapon)
Missiles
 g - 42 stones (quivered)
Armour
 b - a +0 leather armour (worn)
 f - a +0 pair of gloves (worn)
Jewellery
 d - a ring of poison resistance (left hand)
Scrolls
 h - a scroll of remove curse {unknown}
 i - 3 scrolls of identify {unknown}
Potions
 e - a potion of curing {unknown}
 j - a potion of lignification {unknown}
 k - a potion of heal wounds {unknown}
Comestibles
 c - 3 rations


   Skills:
 + Level 3.7 Fighting
 + Level 2.6 Axes
 + Level 0.6 Throwing
 + Level 2.1 Armour
 + Level 1.3 Dodging
 + Level 0.2 Stealth
 + Level 2.4 Invocations


You had 2 spell levels left.
You didn't know any spells.
Your spell library was empty.

Dungeon Overview and Level Annotations

Branches:
Dungeon (2/15)

Altars:
Vehumet


Innate Abilities, Weirdness & Mutations

You are slightly more attuned to the shadows.
When seriously injured, your bleeding wounds create armour. (AC +6)


Message History

You feel sick. The adder closely misses you. The adder bites you.
* * * LOW HITPOINT WARNING * * *
You hit the adder.
You kill the adder!
Lugonu accepts your kill.
* * * LOW HITPOINT WARNING * * *
You feel sick.
* * * LOW HITPOINT WARNING * * *
You feel sick.
* * * LOW HITPOINT WARNING * * *
You feel sick.
* * * LOW HITPOINT WARNING * * *
You feel sick.
* * * LOW HITPOINT WARNING * * *
You feel sick.
* * * LOW HITPOINT WARNING * * *
You feel sick.
* * * LOW HITPOINT WARNING * * *
You feel sick.
You die...

#(# #.# #.# .(#
#.# #.####†##
......@.##
#.##.....#
###...##
......#.#######
###
####.###.......
..#
##.#.#######
#.# ##..## #.#
##...## #(#
##.....##
###.##


There were no monsters in sight!

Vanquished Creatures
  Terence (D:2)
  An adder (D:2)
  A dart slug (D:1)
  2 leopard geckos (D:2)
  3 goblins (D:1)
  3 hobgoblins (D:1)
  5 jackals
  7 bats
  A frilled lizard (D:1)
  A kobold (D:1)
  A rat (D:1)
26 creatures vanquished.

Notes
Turn   | Place    | Note
-------+----------+-------------------------------------------
     0 | Abyss:1  | stonz the Demonspawn Abyssal Knight began the quest for the
                  | Orb.
     0 | Abyss:1  | Reached XP level 1. HP: 18/18 MP: 2/2
    16 | D:1      | Escaped the Abyss
   257 | D:1      | Gained mutation: You are slightly more attuned to the
                  | shadows. [demonic ancestry]
   257 | D:1      | Reached XP level 2. HP: 24/24 MP: 3/3
   437 | D:1      | Reached skill level 1 in Dodging
   458 | D:1      | Reached ** piety under Lugonu
   657 | D:2      | Found a radiant altar of Vehumet.
   820 | D:2      | Noticed Terence
   833 | D:2      | HP: 1/24 [Terence/+0 hand axe (2)]
   834 | D:2      | Killed Terence
   834 | D:2      | Gained mutation: When seriously injured, your bleeding
                  | wounds create armour. (AC +6) [demonic ancestry]
   834 | D:2      | Reached XP level 3. HP: 1/30 MP: 4/4
  1219 | D:2      | HP: 1/30 [poisoned by an adder]
  1223 | D:2      | Succumbed to an adder's poison

Skill      XL: |  1  2 |
---------------+-------+-----
Axes           | 2 |  2.6
Dodging        | 1 |  1.3
Armour         | 2 |  2.1
Fighting       | |  3.7
Throwing       | |  0.6
Stealth        | |  0.2
Invocations    | |  2.4

Action                   || total
-------------------------++-------
Melee: Hand axe          ||   103
Throw: Stone             ||    38
  Use: Scroll            ||     1
  Eat: Ration            ||     1
Armor: Leather armour    ||    40
Dodge: Dodged            ||    72
